 Dungeon Crawl Stone Soup version 0.27-a0-1519-gc8121b24ce (webtiles) character file.

Game seed: 10897532331565384635

10402 BlueGoblin the Thaumaturge (level 11, 0/71 HPs)
             Began as a Djinni Conjurer on July 9, 2021.
             Was an Initiate of Gozag.
             Hit by a silver javelin thrown by a minotaur (5 damage)
             ... on level 1 of the Lair of Beasts on July 10, 2021.
             The game lasted 00:29:56 (13133 turns).

BlueGoblin the Thaumaturge (Djinni Conjurer)       Turns: 13133, Time: 00:29:56

Health: 0/71       AC: 10    Str:  6    XL:     11   Next: 92%
Gold:   681        EV: 15    Int: 22    God:    Gozag SH:  0 Dex: 16

rFire    + + +     SeeInvis .   c - +2 short sword (holy)
rCold    x . .     Faith    .   (no shield)
rNeg     . . .     Spirit   .   s - +0 steam dragon scales
rPois    ∞         Reflect  .   (no helmet)
rElec    +         Harm     .   p - +0 cloak {Stlth+}
rCorr    .         Rampage  .   (no gloves)
Will     +....                  (boots unavailable)
Stlth    ++++++....             (no amulet)
HPRegen  1.21/turn              y - ring of Neurosis {AC+4 Dex+3 Stlth+}
MPRegen  0.00/turn              (no ring)

@: gold aura, flying
A: sickness immunity, fire resistance 3, cold vulnerability 1, float, innate
caster, hp casting, extra vitality 1, regeneration 1, electricity resistance
a: Renounce Religion, Potion Petition, Call Merchant, Bribe Branch


You were on level 1 of the Lair of Beasts.
You worshipped Gozag.
Gozag was pleased with you.
You visited 3 branches of the dungeon, and saw 10 of its levels.

You collected 1703 gold pieces.
You spent 521 gold pieces at shops.
You paid 501 gold pieces to Gozag.

Inventory:

Hand Weapons
 b - a +0 dagger
 c - a +2 short sword of holy wrath (weapon)
Missiles
 a - 2 throwing nets
 d - 267 stones
 C - 7 atropa-tipped darts
Armour
 e - a +1 robe of willpower
 h - a scarf of repulsion
 p - a +0 cloak of stealth (worn)
 s - +0 steam dragon scales (worn)
Jewellery
 y - the ring of Neurosis (left hand) {AC+4 Dex+3 Stlth+}
   (You bought it in a shop in the Ecumenical Temple)

   [ring of protection]

   AC:        It affects your AC (+4).
   Dex:       It affects your dexterity (+3).
   Stlth:     It makes you more stealthy.
Wands
 m - a wand of acid (13)
 n - a wand of flame (75)
Scrolls
 f - 6 scrolls of teleportation
 j - 7 scrolls of identify
 k - 3 scrolls of noise
 w - a scroll of amnesia
 x - a scroll of torment
 z - a scroll of magic mapping
Potions
 g - 3 potions of brilliance
 i - a potion of heal wounds {unknown}
 l - 4 potions of curing
 o - 2 potions of degeneration
 q - a potion of cancellation {unknown}
 r - 3 potions of magic {unknown}
 t - 3 potions of flight {unknown}
 v - a potion of might {unknown}
 A - 2 potions of lignification {unknown}


   Skills:
 + Level 3.0 Fighting
 + Level 0.6 Short Blades
 + Level 6.2 Dodging
 + Level 6.8 Stealth
 + Level 12.0 Spellcasting


You had 6 spell levels left.
You knew the following spells:

 Your Spells              Type           Power      Damage    Failure   Level
a - Iskenderun's Mystic   Conj/Tloc      60%        2d13      1%          4
b - Searing Ray           Conj           100%       3d7       1%          2
c - Hailstorm             Conj/Ice       60%        3d13      1%          4
d - Fulminant Prism       Conj/Hex       30%        3d16      1%          4
e - Magic Dart            Conj           100%       1d8       1%          1
f - Foxfire               Conj/Fire      100%       2x1d9     1%          1
g - Static Discharge      Conj/Air       60%        N/A       1%          2
h - Teleport Other        Tloc           60%        N/A       1%          3
i - Dazzling Flash        Conj/Hex       100%       N/A       1%          3
j - Airstrike             Air            30%        N/A       1%          4
Your spell library was empty.

Dungeon Overview and Level Annotations

Branches:
Dungeon (8/15)             Temple (1/1) D:4            Lair (1/6) D:8

Altars:
Ashenzari
Cheibriados
Dithmenos
Elyvilon
Fedhas
Gozag
Hepliaklqana
Kikubaaqudgha
Makhleb
Nemelex Xobeh
Okawaru
Qazlal
Ru
Sif Muna
Uskayaw
Vehumet
Wu Jian
Xom
Yredelemnul
Zin
The Shining One

Shops:
Temple =


Innate Abilities, Weirdness & Mutations

You are immune to sickness and miasma.
You are immune to poison.
Your flesh is almost immune to the effects of heat. (rF+++)
You are vulnerable to cold. (rC-)
You float through the air rather than walking.
You learn spells naturally, not from books.
Your magical power is your life essence.
You have superior vitality. (+4 HP)
Your natural rate of healing is unusually fast.
You are resistant to electric shocks. (rElec)


Message History

Confirm with . or Enter, or press ? or * to list all spells.
You erupt in a blast of force!
The mystic blast hits the minotaur.
The minotaur is moderately wounded.
The minotaur is knocked back by the mystic blast.
The mystic blast hits Kinoniko's ghost but does no damage.
Kinoniko's ghost is severely damaged.
You hear a croak.
The cane toad is distracted by your dazzling golden aura.
Kinoniko's ghost is distracted by your dazzling golden aura.
Casting: Iskenderun's Mystic Blast (safe; 1% risk of failure)
Confirm with . or Enter, or press ? or * to list all spells.
You erupt in a blast of force!
The mystic blast hits Kinoniko's ghost.
Kinoniko's ghost is severely damaged.
Kinoniko's ghost is no longer distracted by gold.
Kinoniko's ghost turns its malevolent gaze towards you.
Kinoniko's ghost is knocked back by the mystic blast.
Casting: Iskenderun's Mystic Blast (safe; 1% risk of failure)
Confirm with . or Enter, or press ? or * to list all spells.
Casting: Hailstorm (safe; 1% risk of failure)
Press: ? - help, Dir - look around, f - activate A cannonade of hail descends around you!
The hail pelts Kinoniko's ghost!!
Kinoniko's ghost is almost destroyed.
The hail pelts the minotaur.
The minotaur is heavily wounded.
Casting: Hailstorm (safe; 1% risk of failure)
Confirm with . or Enter, or press ? or * to list all spells.
You erupt in a blast of force!
The mystic blast hits the minotaur.
The minotaur is heavily wounded.
The minotaur is knocked back by the mystic blast.
The mystic blast hits Kinoniko's ghost!!
You destroy Kinoniko's ghost!
The minotaur throws a silver javelin.
The silver javelin closely misses you.
Your Spellcasting skill increases to level 12!
You feel better.
The minotaur throws a silver javelin.
The silver javelin pierces through you!!
* * * LOW HITPOINT WARNING * * *
The silver sears you!
You die...
Your body crumbles into a pile of gold.

..P#######.....###.##............
..........#....#.....#...#.##.#..
..#.......#..........#...#....#..
..#.......#....#.....+...#.......
..#.+##..#.....#.....#...#....#..
...............+.....#........#..
....#####.###..#.....#...........
....#.......#..#.........+....#..
....#.......#..#@....#...#.......
............#..#$$.......###+....
#...#.......#..#.....#...........
...............#..###............
................H................
..#.........###'F'###...####.....
..#.#.......#...F...#.### #.....
###.........#.##[.#.#.P# #.....
............#.....###.## #.....


You could see a minotaur and 2 cane toads.

Vanquished Creatures
  The ghost of Kinoniko the Severer, a journeyman OgBe of Trog (Lair:1)
  A hydra (Lair:1)
  Pikel (D:6)
  A cyclops (D:6)
  A black mamba (Lair:1)
  A cane toad (Lair:1)
  2 komodo dragons (D:8)
  Maggie (D:7)
  Prince Ribbit (D:6)
  Grinder (D:4)
  5 blink frogs (Lair:1)
  Sigmund (D:4)
  2 wyverns (D:8)
  5 yaks (D:5)
  A steam dragon (D:6)
  Menkaure (D:6)
  5 water moccasins
  An acid dragon (D:8)
  An orc warrior (D:5)
  2 ice beasts
  3 black bears
  5 sky beasts
  A centaur (D:6)
  4 lemures (D:6)
  2 phantoms
  A kobold brigand (D:8)
  6 bullfrogs
  A wyvern zombie (D:6)
  5 scorpions
  A wyvern skeleton (D:6)
  A water moccasin skeleton (D:6)
  A vampire bat (D:5)
  8 wights
  2 centaur zombies
  A hound (D:6)
  A jelly (D:6)
  A gnoll shaman (D:6)
  2 orc priests (D:5)
  Crazy Yiuf (D:4)
  3 bullfrog skeletons (D:6)
  2 orc wizards
  A killer bee zombie (D:6)
  2 hound skeletons
  12 gnolls
  2 howler monkey zombies (D:6)
  4 adders
  3 ufetubi
  An adder skeleton (D:4)
  2 worms (D:2)
  4 dart slugs
  3 fire bats (D:5)
  11 orcs
  2 spectral bats (D:5)
  5 ball pythons
  3 bat skeletons (D:5)
  A bat zombie (D:5)
  7 endoplasms
  7 giant cockroaches
  11 goblins
  10 hobgoblins
  2 jackals (D:3)
  18 kobolds
  5 quokkas
  18 bats
  A bat simulacrum (D:5)
  2 frilled lizards (D:1)
  9 rats
233 creatures vanquished.

Vanquished Creatures (others)
  22 foxfires
  9 fulminant prisms
  41 fungi
  39 plants
111 creatures vanquished.

Grand Total: 344 creatures vanquished

Notes
Turn   | Place    | Note
-------+----------+-------------------------------------------
     0 | D:1      | BlueGoblin the Djinni Conjurer began the quest for the Orb.
     0 | D:1      | Reached XP level 1. HP: 15/15 MP: 0/0
   279 | D:1      | Reached XP level 2. HP: 20/21 MP: 0/0
   857 | D:1      | Reached XP level 3. HP: 22/25 MP: 0/0
   857 | D:1      | Learned a level 1 spell: Foxfire
  1123 | D:2      | Reached skill level 4 in Spellcasting
  1542 | D:2      | Reached XP level 4. HP: 29/31 MP: 0/0
  2759 | D:3      | Reached XP level 5. HP: 33/35 MP: 0/0
  2759 | D:3      | Learned a level 2 spell: Static Discharge
  3143 | D:3      | Found a stormy altar of Qazlal.
  3582 | D:3      | You are sucked into a shaft and drop 1 floor!
  3614 | D:4      | Found a staircase to the Ecumenical Temple.
  3627 | Temple   | Entered the Ecumenical Temple
  3966 | Temple   | Became a worshipper of Gozag Ym Sagoz the Greedy
  3987 | D:4      | Reached XP level 6. HP: 36/40 MP: 0/0
  4025 | D:4      | Reached skill level 5 in Spellcasting
  4210 | D:4      | Found a runed translucent door.
  4211 | D:4      | Noticed Crazy Yiuf
  4302 | D:4      | Noticed Sigmund
  4310 | D:4      | Killed Sigmund
  4311 | D:4      | Reached XP level 7. HP: 37/46 MP: 0/0
  4311 | D:4      | Learned a level 3 spell: Teleport Other
  4431 | D:4      | Noticed Grinder
  5080 | D:4      | Killed Grinder
  5081 | D:4      | Reached skill level 1 in Fighting
  5081 | D:4      | Reached skill level 6 in Spellcasting
  5646 | D:4      | Killed Crazy Yiuf
  5901 | D:5      | Entered Level 5 of the Dungeon
  5961 | D:5      | Reached XP level 8. HP: 48/52 MP: 0/0
  6981 | D:5      | Reached skill level 7 in Spellcasting
  7225 | D:5      | Noticed a yak
  7225 | D:5      | Noticed a yak
  7225 | D:5      | Noticed a yak
  7227 | D:5      | Noticed a yak
  7444 | D:4      | Upgraded the game from 0.27-a0-1512-g99fd57bada to
                  | 0.27-a0-1519-gc8121b24ce
  9411 | D:4      | Gained mutation: Your flesh is almost immune to the effects
                  | of heat. (rF+++) [potion of mutation]
  9411 | D:4      | Gained mutation: You are frail. (-10% HP) [potion of
                  | mutation]
  9411 | D:4      | Gained mutation: You are very frail. (-20% HP) [potion of
                  | mutation]
  9412 | D:4      | Lost mutation: You are very frail. (-20% HP) [potion of
                  | mutation]
  9412 | D:4      | Lost mutation: You are frail. (-10% HP) [potion of
                  | mutation]
  9412 | D:4      | Gained mutation: You are resistant to electric shocks.
                  | (rElec) [potion of mutation]
  9412 | D:4      | Gained mutation: Your natural rate of healing is unusually
                  | fast. [potion of mutation]
  9500 | D:5      | Noticed a yak
  9507 | D:5      | Killed a yak
  9508 | D:5      | Reached XP level 9. HP: 57/58 MP: 0/0
  9508 | D:5      | Learned a level 4 spell: Hailstorm
  9515 | D:5      | Reached skill level 5 in Stealth
  9694 | D:6      | Noticed Pikel
  9699 | D:6      | Reached skill level 8 in Spellcasting
  9749 | D:6      | Killed Pikel
  9750 | D:6      | Reached skill level 5 in Dodging
  9820 | D:6      | Reached XP level 10. HP: 61/65 MP: 0/0
  9869 | D:6      | Noticed Prince Ribbit
  9876 | D:6      | Killed Prince Ribbit
  9932 | D:6      | Reached skill level 9 in Spellcasting
  9953 | D:6      | Noticed a cyclops
  9961 | D:6      | Killed a cyclops
  9969 | D:6      | Noticed Menkaure
  9972 | D:6      | Killed Menkaure
 10368 | D:6      | Found a shimmering altar of Xom.
 10376 | D:6      | Found a glowing golden altar of the Shining One.
 10690 | D:7      | Noticed Maggie
 10695 | D:7      | Killed Maggie
 10867 | D:7      | Identified the +7 hand axe of Xiasas {freeze, rElec Will+
                  | Dex-5 Stlth+}
 11501 | Temple   | Bought the ring of Neurosis {AC+4 Dex+3 Stlth+} for 521
                  | gold pieces
 11746 | D:8      | Reached skill level 10 in Spellcasting
 11748 | D:8      | Noticed a komodo dragon
 11793 | D:8      | Reached XP level 11. HP: 68/71 MP: 0/0
 11793 | D:8      | Learned a level 4 spell: Airstrike
 11863 | D:8      | Found a staircase to the Lair.
 12156 | D:8      | Found a hide-covered altar of Uskayaw.
 12216 | D:8      | Reached skill level 11 in Spellcasting
 12368 | Lair:1   | Entered Level 1 of the Lair of Beasts
 13015 | Lair:1   | Noticed Kinoniko's ghost (journeyman OgBe)
 13029 | Lair:1   | Found a runed translucent gate.
 13029 | Lair:1   | Found a runed translucent gate.
 13029 | Lair:1   | Found a runed translucent gate.
 13029 | Lair:1   | Identified the ring "Ciylat" {rF++ rN+ Str+6 Int+2}
 13029 | Lair:1   | Noticed a minotaur
 13066 | Lair:1   | Noticed a six-headed hydra
 13073 | Lair:1   | Killed a six-headed hydra
 13132 | Lair:1   | Killed Kinoniko's ghost
 13133 | Lair:1   | Reached skill level 12 in Spellcasting
 13133 | Lair:1   | Hit by a silver javelin thrown by a minotaur

Illustrated notes

Levels and vault maps discovered:
D:1:      minmay_arrival_pointy, layout_rooms
D:2:      layout_basic, supply_closet_lemuel, minmay_tetromino_t4
D:3:      minmay_skewed_foursquare, layout_basic,
          nicolae_qazlal_general_emergency, dreamdust_ecumenical_altar_grove
D:4:      layout_cave_pools, minmay_temple_entry_purple_smoke,
          uniq_crazy_yiuf_cottage, uniq_grinder, uniq_sigmund
D:5:      layout_cave_pods, kennysheep_mini_moat, goddamned_bats
D:6:      hangedman_cross_stitches, layout_basic, minitemple, uniq_menkaure,
          uniq_pikel, uniq_prince_ribbit1
D:7:      corexii_shantytown, layout_loops_ring, uniq_maggie
D:8:      layout_loops_cross, nicolae_uskayaw_dance_hall,
          due_lair_maze_entry_diamond
Temple:   eino_temple_rhombus
Lair:1:   layout_chaotic_city, maelrawn_ghost_gauntlet_escape,
          grunt_megastairs_3

Skill      XL: |  1  2  3  4  5  6  7  8  9 10 11 |
---------------+----------------------------------+-----
Spellcasting   | 4 5 6 7 8 10 12 | 12.0
Stealth        | 2 3 4 5 6 |  6.8
Dodging        | 3 4 5 6 |  6.2
Fighting       | 1 2 3 |  3.0
Short Blades   | |  0.6

Action                   |  1- 3 |  4- 6 |  7- 9 | 10-12 || total
-------------------------+-------+-------+-------+-------++-------
Melee: Short sword       |       |     5 |       |    15 ||    20
 Cast: Magic Dart        |    19 |     1 |     1 |       ||    21
       Searing Ray       |    20 |    33 |    38 |    28 ||   119
       Foxfire           |       |     1 |     1 |    15 ||    17
       Static Discharge  |       |    10 |     1 |       ||    11
       Teleport Other    |       |       |     1 |     1 ||     2
       Iskenderun's Myst |       |       |    25 |    28 ||    53
       Fulminant Prism   |       |       |     7 |     2 ||     9
       Hailstorm         |       |       |       |    37 ||    37
       Airstrike         |       |       |       |    40 ||    40
Invok: Call Merchant     |       |       |       |     1 ||     1
  Use: Scroll            |       |       |     5 |     9 ||    14
       Potion            |       |       |     2 |     1 ||     3
 Stab: Sleeping          |       |       |       |     1 ||     1
Armor: Robe              |     3 |     5 |    13 |     7 ||    28
       Steam dragon scal |       |       |       |    10 ||    10
Dodge: Dodged            |     2 |    21 |    36 |    42 ||   101
       Repelled          |       |     1 |     2 |       ||     3

Table legend: (Time is in decaauts)
 A = Elapsed time spent in this place.
 B = Non-inter-level travel time spent in this place.
 C = Inter-level travel time spent in this place.
 D = Time resting spent in this place.
 E = Time spent auto-exploring this place.
 F = Levels seen in this place.
 G = Mean time per level.
                   A        B        C        D        E       F      G
               +--------+--------+--------+--------+--------+-----+--------+
         Total |  13141 |  12616 |    525 |   3756 |   7130 |  10 | 1314.1 |
       Dungeon |  12198 |  11691 |    507 |   3573 |   6532 |   8 | 1524.8 |
        Temple |    365 |    348 |     17 |    179 |    152 |   1 |  365.0 |
          Lair |    577 |    577 |      0 |      4 |    446 |   1 |  577.0 |
               +--------+--------+--------+--------+--------+-----+--------+

Top non-repeatable levels by time:
     D:4: 3634 daAuts
     D:3: 1887 daAuts
     D:5: 1696 daAuts
     D:2: 1165 daAuts
     D:7: 1080 daAuts
     D:1: 1042 daAuts
     D:8: 861 daAuts
     D:6: 828 daAuts
  Lair:1: 577 daAuts
  Temple: 365 daAuts
